 Dungeon Crawl Stone Soup version 0.30-a0-808-g6e0788376e (webtiles) character file.

Game seed: 12424073949385035510

239 pokeman the Magician (level 5, -1/29 HPs)
             Began as a Deep Elf Hedge Wizard on Feb 26, 2023.
             Slain by an adder (4 damage)
             ... on level 3 of the Dungeon.
             The game lasted 00:03:37 (2267 turns).

pokeman the Magician (Deep Elf Hedge Wizard)        Turns: 2267, Time: 00:03:37

Health: -1/29      AC:  2    Str:  7    XL:     5   Next: 79%
Magic:  9/16       EV: 12    Int: 21    God:
Gold:   150        SH:  0    Dex: 14    Spells: 9/17 levels left

rFire   . . .      SeeInvis .    j - +0 dagger (drain)
rCold   . . .      Faith    .    (no shield)
rNeg    . . .      Spirit   .    b - +0 robe
rPois   .          Reflect  .    c - +0 hat
rElec   .          Harm     .    (no cloak)
rCorr   .          Rampage  .    (no gloves)
Will    .....                    (no boots)
Stlth   ++                       (no amulet)
HPRegen 0.24/turn                (no ring)
MPRegen 0.15/turn                (no ring)

@: lethally poisoned (-1 -> -9), very slightly contaminated
A: no striking features
a: no special abilities


You were on level 3 of the Dungeon.
You visited 1 branch of the dungeon, and saw 3 of its levels.

You collected 150 gold pieces.

Inventory:

Hand Weapons
 j - a +0 dagger of draining (weapon)
Armour
 b - a +0 robe (worn)
 c - a +0 hat (worn)
Wands
 o - a wand of paralysis (13)
Scrolls
 e - 4 scrolls of identify {unknown}
 h - a scroll of magic mapping {unknown}
 i - a scroll of poison {unknown}
 k - a scroll of fog {unknown}
 m - 2 scrolls of amnesia {unknown}
 n - a scroll of teleportation {unknown}
 p - a scroll of immolation {unknown}
Potions
 a - 2 potions of brilliance {unknown}
 d - a potion of magic
 f - a potion of heal wounds {unknown}
 g - 2 potions of curing {unknown}
 l - a potion of invisibility {unknown}


   Skills:
 - Level 1.6 Fighting
 - Level 1.6 Armour
 + Level 2.7 Dodging
 + Level 2.8 Stealth
 * Level 6.6 Spellcasting
 + Level 2.9 Conjurations
 - Level 1.1 Summonings
 - Level 1.1 Translocations


You had 9 spell levels left.
You knew the following spells:

 Your Spells              Type           Power      Damage    Failure   Level
a - Magic Dart            Conj           76%        1d6       2%          1
b - Mephitic Cloud        Conj/Pois/Air  11%        N/A       19%         3
c - Call Imp              Summ           11%        N/A       9%          2
d - Blink                 Tloc           22%        N/A       9%          2

Your spell library contained the following spells:

 Spells                   Type           Power      Damage    Failure   Level
 Freeze                   Ice            24%        1d4       10%         1
 Slow                     Hex            24%        N/A       10%         1
 Cigotuvi's Dreadful Rot  Necr/Pois/Air  12%        N/A       14%         2
 Hailstorm                Conj/Ice       13%        3d5       16%         3
 Frozen Ramparts          Ice            12%        1d2       28%         3
 Summon Ice Beast         Ice/Summ       9%         N/A       58%         4
 Ice Form                 Ice/Tmut       6%         N/A       67%         4
 Irradiate                Conj/Tmut      6%         3d13      80%         5
 Blade Hands              Tmut           3%         N/A       95%         5
 Dragon Form              Tmut           3%         N/A       100%        7


Dungeon Overview and Level Annotations

Branches:
Dungeon (3/15)

Altars:

Annotations:
D:3 Ijyb


Message History

The adder closely misses you. The quokka closely misses you.
The adder bites you.
Casting: Magic Dart (safe; 2% risk of failure)
Confirm with . or Enter, or press ? or * to list all spells.
Aiming: Magic Dart (safe; 2% risk of failure)
Press: ? - help, Shift-Dir - straight line, f/p - adder
Aim: an adder (lightly wounded, 100% to hit)
The magic dart hits the adder.
The adder is heavily wounded.
The quokka bites you. The adder bites you.
You are poisoned.
The adder poisons you!
Casting: Magic Dart (safe; 2% risk of failure)
Confirm with . or Enter, or press ? or * to list all spells.
Aiming: Magic Dart (safe; 2% risk of failure)
Press: ? - help, Shift-Dir - straight line, f/p - adder
Aim: an adder (heavily wounded, 100% to hit)
The magic dart hits the adder.
The adder is almost dead.
You feel sick. The quokka bites you. The adder bites you.
You are lethally poisoned!
The adder poisons you!
Casting: Magic Dart (safe; 2% risk of failure)
Confirm with . or Enter, or press ? or * to list all spells.
Aiming: Magic Dart (safe; 2% risk of failure)
Press: ? - help, Shift-Dir - straight line, f/p - adder
Aim: an adder (almost dead, 100% to hit)
You miscast Magic Dart.
You are very lightly contaminated with residual magic.
Nothing appears to happen.
* * * LOW HITPOINT WARNING * * *
You feel very sick. The quokka bites you.
* * * LOW HITPOINT WARNING * * *
The adder barely misses you.
Ijyb screams, "Me back to killing you soon!"
Ijyb hits herself but does no damage.
The quokka bites you but does no damage.
The adder bites you.
You die...

###.#######).#
#.......S.)..+
#.#.......#..#(
#.##......†.....
#.##+#.......##.#
#.#...........# #
#.#......##.....
#(#.............
#@Sg.......##.#>#
#r#...........#
...#.........#.
#########+#...#
####


You could see Ijyb (confused), an adder and a quokka.

Vanquished Creatures
  Sigmund (D:2)
  2 orc wizards (D:3)
  A worm (D:2)
  A dart slug (D:1)
  An orc (D:3)
  6 ball pythons
  4 bats
  5 endoplasms
  2 giant cockroaches (D:1)
  4 goblins
  5 hobgoblins
  2 kobolds
  2 quokkas
  4 frilled lizards
  3 rats (D:2)
43 creatures vanquished.

Vanquished Creatures (collateral kills)
  A kobold (D:2)
1 creature vanquished.

Grand Total: 44 creatures vanquished

Notes
Turn   | Place    | Note
-------+----------+-------------------------------------------
     0 | D:1      | pokeman the Deep Elf Hedge Wizard began the quest for the
                  | Orb.
     0 | D:1      | Reached XP level 1. HP: 10/10 MP: 7/7
   333 | D:1      | Reached XP level 2. HP: 15/15 MP: 4/9
   413 | D:1      | You fall into a shaft and drop 1 floor!
   747 | D:2      | Noticed Sigmund
   860 | D:1      | Reached skill level 5 in Spellcasting
  1058 | D:1      | Reached XP level 3. HP: 20/20 MP: 7/11
  1062 | D:1      | Learned a level 3 spell: Mephitic Cloud
  1065 | D:1      | Learned a level 2 spell: Call Imp
  1068 | D:1      | Learned a level 2 spell: Blink
  1564 | D:2      | Killed Sigmund
  1565 | D:2      | Reached skill level 1 in Fighting
  1565 | D:2      | Reached skill level 1 in Armour
  1565 | D:2      | Reached skill level 6 in Spellcasting
  1565 | D:2      | Reached XP level 4. HP: 21/25 MP: 1/14
  1565 | D:2      | Reached XP level 5. HP: 25/29 MP: 1/15
  2139 | D:3      | Noticed Ijyb
  2267 | D:3      | Slain by an adder

Illustrated notes

Levels and vault maps discovered:
D:1:      amcnicky_arrival_gap_in_the_tavern_cellar, layout_loops_ring,
          corexii_hall_statues_s, minmay_misc_feat_four_crosses,
          minmay_tetromino_t2
D:2:      layout_basic, uniq_sigmund
D:3:      layout_basic, grunt_temple_overflow_opulence, uniq_ijyb, uniq_jessica

Skill      XL: |  1  2  3 |
---------------+----------+-----
Spellcasting   | 5 6 |  6.6
Fighting       | 1 |  1.6
Armour         | 1 |  1.6
Conjurations   | 2 |  2.9
Dodging        | |  2.7
Stealth        | |  2.8
Summonings     | |  1.1
Translocations | |  1.1

Action                     |  1- 3 |  4- 6 || total
---------------------------+-------+-------++-------
  Melee: Dagger            |     7 |    24 ||    31
         Unarmed           |       |     1 ||     1
         Punch             |       |     1 ||     1
   Cast: Magic Dart        |    77 |    14 ||    91
         Mephitic Cloud    |     1 |     5 ||     6
         Call Imp          |     1 |       ||     1
   Stab: Sleeping          |     1 |       ||     1
         Confused          |       |     1 ||     1
 Armour: Robe              |     2 |     4 ||     6
  Dodge: Dodged            |     6 |    27 ||    33

Table legend: (Time is in decaauts)
 A = Elapsed time spent in this place.
 B = Non-inter-level travel time spent in this place.
 C = Inter-level travel time spent in this place.
 D = Time resting spent in this place.
 E = Time spent auto-exploring this place.
 F = Levels seen in this place.
 G = Mean time per level.
                   A        B        C        D        E       F      G
               +--------+--------+--------+--------+--------+-----+--------+
         Total |   2262 |   2227 |     35 |     97 |   1838 |   3 |  754.0 |
       Dungeon |   2262 |   2227 |     35 |     97 |   1838 |   3 |  754.0 |
               +--------+--------+--------+--------+--------+-----+--------+

Top non-repeatable levels by time:
     D:2: 1096 daAuts
     D:1: 1066 daAuts
     D:3: 100 daAuts
